 Dungeon Crawl Stone Soup version 0.26.1-11-gd32895ea62 (webtiles) character file.

Game seed: 12026478240449652758

1059 phalm the Grasshopper (level 8, -13/63 HPs)
             Began as a Gnoll Warper on May 9, 2021.
             Was a Follower of Okawaru.
             Mangled by a gnoll
             ... wielding the +8 demon trident "Rift" {distort, reach+}
              (21 damage)
             ... on level 5 of the Dungeon.
             The game lasted 00:16:56 (8157 turns).

phalm the Grasshopper (Gnoll Warper)                Turns: 8157, Time: 00:16:57

Health: -13/63     AC:  5    Str: 15      XL:     8   Next: 27%
Magic:  14/16      EV: 12    Int: 15      God:    Okawaru [*.....]
Gold:   223        SH:  9    Dex: 15 (16) Spells: 16/18 levels left

rFire    + . .     SeeInvis .   a - +0 falchion
rCold    . . .     Faith    .   C - +0 kite shield
rNeg     + . .     Spirit   .   u - +0 leather armour
rPois    .         Reflect  .   t - +0 helmet
rElec    .         Harm     .   s - +0 cloak
rCorr    .         Rampage  .   (no gloves)
Will     .....                  (no boots)
Stlth    ++........             (no amulet)
HPRegen  0.20/turn              N - ring of positive energy
MPRegen  0.15/turn              F - ring of protection from fire

@: no status effects
A: distributed training, fangs 1, strong nose
a: Renounce Religion, Heroism


You were on level 5 of the Dungeon.
You worshipped Okawaru.
Okawaru was aware of your devotion.
You visited 2 branches of the dungeon, and saw 6 of its levels.

You collected 223 gold pieces.


Innate Abilities, Weirdness & Mutations

Your experience applies equally to all skills.
You have very sharp teeth.
Your uncanny sense of smell can sniff out nearby items.


   Skills:
 + Level 5.6 Fighting
 + Level 3.1 Short Blades
 + Level 5.6 Long Blades
 + Level 3.1 Axes
 + Level 3.1 Maces & Flails
 + Level 3.1 Polearms
 + Level 3.1 Staves
 + Level 3.1 Slings
 + Level 3.1 Bows
 + Level 3.1 Crossbows
 + Level 4.1 Throwing
 + Level 4.1 Armour
 + Level 5.6 Dodging
 + Level 3.1 Stealth
 + Level 3.1 Shields
 + Level 3.1 Unarmed Combat
 + Level 5.9 Spellcasting
 + Level 2.5 Conjurations
 + Level 2.5 Hexes
 + Level 2.5 Summonings
 + Level 2.5 Necromancy
 + Level 6.0 Translocations
 + Level 2.5 Transmutations
 + Level 2.5 Fire Magic
 + Level 2.5 Ice Magic
 + Level 2.5 Air Magic
 + Level 2.5 Earth Magic
 + Level 2.5 Poison Magic
 + Level 3.4 Invocations
 + Level 3.1 Evocations


You had 16 spell levels left.
You knew the following spells:

 Your Spells              Type           Power        Failure   Level
B - Blink                 Tloc           N/A          11%         2

Your spell library contained the following spells:

 Spells                   Type           Power        Failure   Level
 Gell's Gravitas          Tloc           11%          21%         3
 Lesser Beckoning         Tloc           11%          21%         3
 Teleport Other           Tloc           22%          21%         3
 Passage of Golubria      Tloc           N/A          56%         4
 Confusing Touch          Hex            12%          65%         3
 Petrify                  Tmut/Erth      12%          96%         4
 Metabolic Englaciation   Hex/Ice        6%           100%        5
 Yara's Violent Unravell  Hex/Tmut       6%           100%        5

Inventory:

Hand Weapons
 a - a +0 falchion (weapon)
 b - a +0 hunting sling of freezing
   (You took it off a goblin on level 3 of the Dungeon)
Missiles
 c - 16 poisoned darts
 e - 5 boomerangs of dispersal {=f!f}
 g - 56 arrows
 i - 163 stones
 l - 2 javelins (quivered)
 w - 47 bolts
 z - 2 boomerangs
Armour
 s - a +0 cloak (worn)
   (You found it on level 2 of the Dungeon)
 t - a +0 helmet (worn)
   (You found it on level 2 of the Dungeon)
 u - a +0 leather armour (worn)
 C - a +0 kite shield (worn)
   (You found it on level 5 of the Dungeon)
Magical Staves
 k - an uncursed staff of fire {!a}
   (You found it on level 3 of the Dungeon)
Jewellery
 n - an uncursed ring of positive energy
   (You found it on level 4 of the Dungeon)
 F - a ring of protection from fire (right hand)
   (You found it on level 5 of the Dungeon)
 N - a ring of positive energy (left hand)
   (You found it on level 4 of the Dungeon)
 S - a +6 ring of strength
   (You found it on level 5 of the Dungeon)
Scrolls
 d - 3 scrolls of blinking {!r}
 o - 2 scrolls of teleportation {@r4}
 p - 2 scrolls of fear
 v - 2 scrolls of enchant weapon
 x - a scroll of fog
 y - 2 scrolls of enchant armour
 A - a scroll of remove curse {@r2}
 B - 2 scrolls of identify {@r1}
 D - a scroll of amnesia {unknown}
 E - a scroll of immolation {unknown}
Potions
 f - 5 potions of curing {@q1}
 h - a potion of ambrosia {unknown}
 j - a potion of might {unknown}
 m - a potion of cancellation {unknown}
 q - 2 potions of heal wounds {unknown}
 r - 2 potions of attraction {unknown}
 G - a potion of magic {unknown}

Dungeon Overview and Level Annotations

Branches:
Dungeon (5/15)             Temple (1/1) D:4

Altars:
Ashenzari
Cheibriados
Elyvilon
Fedhas
Gozag
Hepliaklqana
Kikubaaqudgha
Makhleb
Nemelex Xobeh
Okawaru
Qazlal
Ru
Sif Muna
Trog
Uskayaw
Vehumet
Wu Jian
Xom
Yredelemnul
Zin
The Shining One

Portals:
Abyss: D:5

Annotations:
D:5 1 transporter, eooof's ghost, amateur HOMo

#.#.##.. ##..# ##.#.'#.#
#.#..#.## #### ##.....
#...##.## .©(( ##....##
#..##.^.###(##.##......#
#..#..#..((..5g#©......#
#..###.#g###.#.###......
#...###.##.### . ##...##
#...##g##....##)###...##
#..##.#@###...##..#...#
#..#.##.W###..##.##.###
#..##...#.©#..##.#..#
#...####..##..##.#.##
#......####....###.#
##......##..##.....#
###.......#########
#########


You could see eooof's ghost and a gnoll.


Message History

You throw a javelin.
The javelin pierces through eooof's ghost but does no damage.
You throw a javelin.
The javelin barely misses eooof's ghost.
You hit eooof's ghost but do no damage. Eooof's ghost closely misses you.
You riposte.
You hit eooof's ghost but do no damage.
You bite eooof's ghost, but do no damage.
You barely miss eooof's ghost. Eooof's ghost misses you.
The gnoll completely misses you.
You hit eooof's ghost. Eooof's ghost completely misses you.
You riposte.
You hit eooof's ghost but do no damage. You hit eooof's ghost but do no damage.
The gnoll hits you from afar with the +8 demon trident "Rift" {distort, reach+}!
Eooof's ghost hits you but does no damage. 😕 HP[-9]
You take 9 damage, and now have 54/63 hp.
You hit eooof's ghost but do no damage. Eooof's ghost hits you. x2 😮 HP[-9]
You take 9 damage, and now have 45/63 hp.
You hit eooof's ghost but do no damage.
Eooof's ghost hits you but does no damage.
You hit eooof's ghost but do no damage. Eooof's ghost barely misses you.
You hit eooof's ghost but do no damage. Your bite misses eooof's ghost.
Eooof's ghost misses you. 😮 HP[+1]
You hit eooof's ghost. You block eooof's ghost's attack.
You hit eooof's ghost but do no damage.
Eooof's ghost hits you but does no damage.
You hit eooof's ghost but do no damage. You bite eooof's ghost.
Eooof's ghost hits you. 😮 HP[-3]
You take 3 damage, and now have 43/63 hp.
You hit eooof's ghost but do no damage. Your bite misses eooof's ghost.
Eooof's ghost hits you but does no damage. 😮 HP[+1]
You aren't carrying any items that you can evoke.
You hit eooof's ghost but do no damage. Eooof's ghost hits you! 😮 HP[-9]
You take 9 damage, and now have 35/63 hp.
You barely miss eooof's ghost. Eooof's ghost hits you.
* * * LOW HITPOINT WARNING * * *
😨 HP[-6]
You take 6 damage, and now have 29/63 hp.
You barely miss eooof's ghost. Eooof's ghost hits you.
* * * LOW HITPOINT WARNING * * *
You block eooof's ghost's attack. 😨 HP[-1]
You take 1 damage, and now have 28/63 hp.
You hit eooof's ghost but do no damage. You block eooof's ghost's attack.
You hit eooof's ghost but do no damage.
You block eooof's ghost's attack. 😨 HP[+1]
You closely miss eooof's ghost. You block eooof's ghost's attack.
You hit eooof's ghost but do no damage. Eooof's ghost hits you!
* * * LOW HITPOINT WARNING * * *
😨 HP[-7]
You take 7 damage, and now have 22/63 hp.
You hit eooof's ghost. Your bite misses eooof's ghost.
You block eooof's ghost's attack.
You hit eooof's ghost.
You block eooof's ghost's attack. 😨 HP[+1]
You closely miss eooof's ghost. You block eooof's ghost's attack.
You hit eooof's ghost but do no damage. Your bite misses eooof's ghost.
You block eooof's ghost's attack.
You hit eooof's ghost.
You bite eooof's ghost, but do no damage.
You block eooof's ghost's attack.
You hit eooof's ghost. Your bite misses eooof's ghost.
Eooof's ghost barely misses you.
You closely miss eooof's ghost. Eooof's ghost barely misses you.
You riposte.
You hit eooof's ghost. 😨 HP[+1]
Okay, then.
You closely miss eooof's ghost.
You bite eooof's ghost, but do no damage.
You block eooof's ghost's attack.
You hit eooof's ghost. Eooof's ghost hits you.
* * * LOW HITPOINT WARNING * * *
Eooof's ghost hits you!
* * * LOW HITPOINT WARNING * * *
😱 HP[-9]
You take 9 damage, and now have 15/63 hp.
Casting: Blink (safe; 11% risk of failure)
Confirm with . or Enter, or press ? or * to list all spells.
You blink.
Eooof's ghost closely misses you.
You block the gnoll's attack. 😨 HP[+1] MP[-2]
You lost 2 mp, and now have 14/16 mp.
You closely miss the gnoll. Your bite misses the gnoll.
Eooof's ghost whispers, "The ORB doesn't exist."
You block eooof's ghost's attack. The gnoll closely misses you.
You hit the gnoll but do no damage. Eooof's ghost closely misses you.
The gnoll hits you with the +8 demon trident "Rift" {distort, reach+}!
* * * LOW HITPOINT WARNING * * *
😱 HP[-13]
You take 13 damage, and now have 3/63 hp.
MASSIVE DAMAGE!! (PAUSE)
You feel better. Eooof's ghost hits you.
* * * LOW HITPOINT WARNING * * *
The gnoll hits you with the +8 demon trident "Rift" {distort, reach+}!!
You die...

Skill      XL: |  1  2  3  4  5  6  7  8 |
---------------+-------------------------+-----
Spellcasting   | 5 |  5.9
Invocations    | 1 2 3 |  3.4
Short Blades   | 1 2 3 |  3.1
Axes           | 1 2 3 |  3.1
Maces & Flails | 1 2 3 |  3.1
Polearms       | 1 2 3 |  3.1
Staves         | 1 2 3 |  3.1
Slings         | 1 2 3 |  3.1
Bows           | 1 2 3 |  3.1
Crossbows      | 1 2 3 |  3.1
Stealth        | 1 2 3 |  3.1
Shields        | 1 2 3 |  3.1
Unarmed Combat | 1 2 3 |  3.1
Evocations     | 1 2 3 |  3.1
Conjurations   | 1 2 |  2.5
Hexes          | 1 2 |  2.5
Summonings     | 1 2 |  2.5
Necromancy     | 1 2 |  2.5
Transmutations | 1 2 |  2.5
Fire Magic     | 1 2 |  2.5
Ice Magic      | 1 2 |  2.5
Air Magic      | 1 2 |  2.5
Earth Magic    | 1 2 |  2.5
Poison Magic   | 1 2 |  2.5
Throwing       | 3 4 |  4.1
Armour         | 3 4 |  4.1
Fighting       | 5 |  5.6
Long Blades    | 5 |  5.6
Dodging        | 5 |  5.6
Translocations | 6 |  6.0

Action                   |  1- 3 |  4- 6 |  7- 9 || total
-------------------------+-------+-------+-------++-------
Melee: Falchion          |   155 |   285 |   139 ||   579
       Bite              |    20 |    38 |    25 ||    83
       Punch             |     1 |     5 |     2 ||     8
 Fire: Hunting sling     |       |    81 |       ||    81
Throw: Dart              |    33 |    17 |    73 ||   123
       Boomerang         |       |       |    39 ||    39
       Javelin           |       |       |     2 ||     2
 Cast: Blink             |       |     4 |     1 ||     5
  Use: Scroll            |     2 |     6 |     3 ||    11
       Potion            |       |       |     1 ||     1
 Stab: Sleeping          |       |     2 |       ||     2
Armor: Leather armour    |    44 |    80 |    28 ||   152
Dodge: Dodged            |   137 |   194 |    84 ||   415
Block: Kite shield       |       |       |    36 ||    36
       Rpst.: Falchion   |    45 |    62 |    19 ||   126

Levels and vault maps discovered:
D:1:      shiori_arrival_whats_in_store_for_you, layout_rooms,
          minmay_small_reverse_x
D:2:      kennysheep_six_static_rooms, layout_loops_ring
D:3:      corexii_shack_village, layout_loops_cross
D:4:      layout_layer_cave, minmay_temple_entry_slanted
D:5:      layout_basic, gammafunk_ghost_abyssal_escape, hangedman_glass_garden
Temple:   kilobyte_greek_temple

Notes
Turn   | Place    | Note
-------+----------+-------------------------------------------
     0 | D:1      | phalm the Gnoll Warper began the quest for the Orb.
     0 | D:1      | Reached XP level 1. HP: 20/20 MP: 6/6
     0 | D:1      | magus.rc [v1.9.10]
     4 | D:1      | Noticed a merfolk zombie
     6 | D:1      | Noticed a minotaur zombie
    11 | D:1      | Noticed a minotaur zombie
    15 | D:1      | Noticed a merfolk zombie
    17 | D:1      | Noticed a minotaur zombie
    74 | D:1      | Reached XP level 2. HP: 26/26 MP: 7/7
   100 | D:1      | Learned a level 2 spell: Blink
   349 | D:1      | Reached XP level 3. HP: 10/31 MP: 9/9
   608 | D:1      | Reached skill level 5 in Spellcasting
  1144 | D:1      | Reached skill level 1 in Invocations
  1568 | D:2      | Reached skill level 1 in Short Blades
  1568 | D:2      | Reached skill level 1 in Axes
  1568 | D:2      | Reached skill level 1 in Maces & Flails
  1568 | D:2      | Reached skill level 1 in Polearms
  1568 | D:2      | Reached skill level 1 in Staves
  1568 | D:2      | Reached skill level 1 in Slings
  1568 | D:2      | Reached skill level 1 in Bows
  1568 | D:2      | Reached skill level 1 in Crossbows
  1568 | D:2      | Reached skill level 1 in Stealth
  1568 | D:2      | Reached skill level 1 in Shields
  1568 | D:2      | Reached skill level 1 in Unarmed Combat
  1568 | D:2      | Reached skill level 1 in Evocations
  1611 | D:2      | Reached XP level 4. HP: 30/38 MP: 11/11
  2301 | D:2      | Reached skill level 1 in Conjurations
  2301 | D:2      | Reached skill level 1 in Hexes
  2301 | D:2      | Reached skill level 1 in Summonings
  2301 | D:2      | Reached skill level 1 in Necromancy
  2301 | D:2      | Reached skill level 1 in Transmutations
  2301 | D:2      | Reached skill level 1 in Fire Magic
  2301 | D:2      | Reached skill level 1 in Ice Magic
  2301 | D:2      | Reached skill level 1 in Air Magic
  2301 | D:2      | Reached skill level 1 in Earth Magic
  2301 | D:2      | Reached skill level 1 in Poison Magic
  2935 | D:3      | Noticed a phantom
  3384 | D:3      | Killed a phantom
  3385 | D:3      | Reached skill level 3 in Throwing
  3385 | D:3      | Reached skill level 3 in Armour
  3385 | D:3      | Reached XP level 5. HP: 23/43 MP: 12/12
  3747 | D:3      | Reached XP level 6. HP: 50/50 MP: 13/13
  3752 | D:3      | Reached skill level 2 in Invocations
  4640 | D:3      | Reached skill level 5 in Fighting
  4640 | D:3      | Reached skill level 5 in Long Blades
  4640 | D:3      | Reached skill level 5 in Dodging
  4787 | D:4      | Reached skill level 2 in Short Blades
  4787 | D:4      | Reached skill level 2 in Axes
  4787 | D:4      | Reached skill level 2 in Maces & Flails
  4787 | D:4      | Reached skill level 2 in Polearms
  4787 | D:4      | Reached skill level 2 in Staves
  4787 | D:4      | Reached skill level 2 in Slings
  4787 | D:4      | Reached skill level 2 in Bows
  4787 | D:4      | Reached skill level 2 in Crossbows
  4787 | D:4      | Reached skill level 2 in Stealth
  4787 | D:4      | Reached skill level 2 in Shields
  4787 | D:4      | Reached skill level 2 in Unarmed Combat
  4787 | D:4      | Reached skill level 2 in Evocations
  4847 | D:4      | You pick up a book of Misfortune and begin reading...
  4847 | D:4      | You add the spells Confusing Touch, Petrify, Metabolic
                  | Englaciation and Yara's Violent Unravelling to your
                  | library.
  4945 | D:4      | Noticed a phantom
  4973 | D:4      | HP: 9/51 [phantom (5)]
  4978 | D:4      | Found a staircase to the Ecumenical Temple.
  4982 | D:4      | HP: 8/51 [phantom (3)]
  5284 | D:4      | Killed a phantom
  5285 | D:4      | Reached XP level 7. HP: 27/56 MP: 15/15
  5499 | D:4      | HP: 14/56 [poisoned by a worker ant]
  5505 | D:4      | HP: 11/56 [poisoned by a worker ant]
  5512 | D:4      | HP: 9/56 [poisoned by a worker ant]
  5519 | D:4      | HP: 9/56 [poisoned by a worker ant]
  5527 | D:4      | HP: 8/56 [poisoned by a worker ant]
  5830 | Temple   | Entered the Ecumenical Temple
  5883 | Temple   | Became a worshipper of Warmaster Okawaru
  6863 | D:4      | Reached skill level 2 in Conjurations
  6863 | D:4      | Reached skill level 2 in Hexes
  6863 | D:4      | Reached skill level 2 in Summonings
  6863 | D:4      | Reached skill level 2 in Necromancy
  6863 | D:4      | Reached skill level 2 in Transmutations
  6863 | D:4      | Reached skill level 2 in Fire Magic
  6863 | D:4      | Reached skill level 2 in Ice Magic
  6863 | D:4      | Reached skill level 2 in Air Magic
  6863 | D:4      | Reached skill level 2 in Earth Magic
  6863 | D:4      | Reached skill level 2 in Poison Magic
  7028 | D:4      | magus.rc [v1.9.10]
  7051 | D:5      | Entered Level 5 of the Dungeon
  7065 | D:5      | Noticed eooof's ghost (amateur HOMo)
  7180 | D:5      | Found a transporter.
  7190 | D:5      | Found a transporter.
  7209 | D:5      | Reached skill level 3 in Invocations
  7412 | D:5      | Reached * piety under Okawaru
  7537 | D:5      | Reached skill level 6 in Translocations
  7537 | D:5      | Reached XP level 8. HP: 47/63 MP: 16/16
  7880 | D:5      | Reached skill level 4 in Throwing
  7880 | D:5      | Reached skill level 4 in Armour
  7898 | D:5      | Reached skill level 3 in Short Blades
  7898 | D:5      | Reached skill level 3 in Axes
  7898 | D:5      | Reached skill level 3 in Maces & Flails
  7898 | D:5      | Reached skill level 3 in Polearms
  7898 | D:5      | Reached skill level 3 in Staves
  7898 | D:5      | Reached skill level 3 in Slings
  7898 | D:5      | Reached skill level 3 in Bows
  7898 | D:5      | Reached skill level 3 in Crossbows
  7898 | D:5      | Reached skill level 3 in Stealth
  7898 | D:5      | Reached skill level 3 in Shields
  7898 | D:5      | Reached skill level 3 in Unarmed Combat
  7898 | D:5      | Reached skill level 3 in Evocations
  8099 | D:5      | Found a one-way gate to the infinite horrors of the Abyss.
  8151 | D:5      | HP: 15/63 [eooof's ghost (7)]
  8156 | D:5      | HP: 3/63 [gnoll/the +8 demon trident "Rift" {distort,
                  | reach+} (13)]
  8157 | D:5      | Mangled by a gnoll

Vanquished Creatures
  3 phantoms
  2 ogres
  A scorpion (D:4)
  A howler monkey (D:5)
  A jelly (D:5)
  A quasit (D:5)
  3 hounds
  An orc priest (D:5)
  A centaur skeleton (D:5)
  A worker ant (D:4)
  4 gnolls (D:3)
  10 adders
  2 ufetubi (D:5)
  4 oozes
  An adder zombie (D:3)
  An adder skeleton (D:4)
  6 worms
  4 leopard geckos
  11 orcs
  6 giant cockroaches
  13 goblins
  15 hobgoblins
  3 ball pythons
  14 bats
  7 frilled lizards
  A jackal skeleton (D:4)
  10 kobolds
  9 rats
  A butterfly (D:5)
137 creatures vanquished.

Vanquished Creatures (others)
  A plant (D:3)
1 creature vanquished.

Grand Total: 138 creatures vanquished

Table legend:
 A = Non-vault XP
 B = Vault XP
 C = Vault XP percentage of total XP
 D = Non-vault monster count
 E = Vault monster count
 F = Vault count percentage of total count
                 A         B        C        D         E       F
            +---------+---------+-------+---------+---------+-------
      Total |    1414 |     100 |   6.6 |     111 |      25 |  18.4
            +---------+---------+-------+---------+---------+-------
        D:1 |      49 |       6 |  10.9 |      24 |       4 |  14.3
        D:2 |      72 |      19 |  20.9 |      26 |       6 |  18.8
        D:3 |     248 |      27 |   9.8 |      24 |      14 |  36.8
        D:4 |     450 |       0 |   0.0 |      15 |       0 |   0.0
        D:5 |     595 |      48 |   7.5 |      22 |       1 |   4.3
            +---------+---------+-------+---------+---------+-------

Illustrated notes

Table legend:
 A = Kills in this place as a percentage of kills in entire the game.
 B = Kills by you in this place as a percentage of kills by you in the entire game.
 C = Kills by friends in this place as a percentage of kills by friends in the entire game.
 D = Other kills in this place as a percentage of other kills in the entire game.
 E = Experience gained in this place as a percentage of experience gained in the entire game.
 F = Experience gained in this place divided by the number of levels of this place that you have seen.
                   A       B       C       D       E      F
               +-------+-------+-------+-------+-------+----------------------
         Total | 100.0 | 100.0 |   N/A |   N/A | 100.0 | 252.3
       Dungeon | 100.0 | 100.0 |   N/A |   N/A | 100.0 | 302.8
               +-------+-------+-------+-------+-------+----------------------

Table legend: (Time is in decaauts)
 A = Elapsed time spent in this place.
 B = Non-inter-level travel time spent in this place.
 C = Inter-level travel time spent in this place.
 D = Time resting spent in this place.
 E = Time spent auto-exploring this place.
 F = Levels seen in this place.
 G = Mean time per level.
                   A        B        C        D        E       F      G
               +--------+--------+--------+--------+--------+-----+--------+
         Total |   8176 |   8015 |    161 |      8 |   6569 |   6 | 1362.7 |
       Dungeon |   8006 |   7854 |    152 |      8 |   6419 |   5 | 1601.2 |
        Temple |    170 |    162 |      8 |      0 |    150 |   1 |  170.0 |
               +--------+--------+--------+--------+--------+-----+--------+

Top non-repeatable levels by time:
     D:2: 1959 daAuts
     D:4: 1912 daAuts
     D:3: 1833 daAuts
     D:1: 1191 daAuts
     D:5: 1109 daAuts
  Temple: 170 daAuts
